AoeStats
← feely

Nomad

508896382Analyzed
4v4 RM · 8d ago on Sep 24, 2026· 35m 44s· 8 players
Game mode
Random Map
Map size
231×231
Population
200
Speed
Normal
Resources
Standard
Victory
Conquest
Starting age
Dark Age
Ending age
Imperial Age
RankedLock teamsTeams togetherTeam positionsShared explorationLock speedFull tech treeHidden civsTurbo modeCheats
Victory
Defeat
🇧🇪 Wu · Belgium
1536
+14
🇺🇸 Koreans · United States
1522
+15
🇮🇳 Varangians · India
1511
+15
🇹🇼 Persians · Taiwan
1448
+18
🇭🇰 Danes · Hong Kong SAR China
1569
-18
🇭🇰 Danes · Hong Kong SAR China
1526
-17
🇭🇰 Spanish · Hong Kong SAR China
1446
-14
🇭🇰 Varangians · Hong Kong SAR China
1437
-13
Hympériius
6:41 Loom
14:09 Feudal Age
17:40 Castle Age
15:48 Scale Mail Armor
15:59 Forging
18:10 Double-Bit Axe
18:42 Chain Mail Armor
19:07 Squires
18:52 Arson
19:08 Caravan
19:32 Bow Saw
19:34 Gold Mining
21:14 Medium Warships
22:43 Clinker Construction
22:40 Siphons
25:22 Gold Shaft Mining
27:25 Wheelbarrow
28:21 Fishing Lines
31:34 Town Watch
33:00 Gillnets
23
6:53 Loom
7:30 Loom
13:36 Feudal Age
17:17 Castle Age
15:32 Double-Bit Axe
15:37 Stone Mining
20:22 Gold Mining
20:45 Fletching
21:21 Fishing Lines
24:11 Horse Collar
25:07 Town Watch
25:41 Scale Barding Armor
26:23 Wheelbarrow
29:33 Chain Barding Armor
31:22 Hand Cart
35:14 Imperial Age
34:11 Forging
34:52 Bow Saw
35:17 Bloodlines
Freakcles
4:03 Loom
12:58 Feudal Age
20:00 Castle Age
19:14 Fletching
19:17 Double-Bit Axe
19:59 Gold Mining
21:42 Bow Saw
25:59 Bodkin Arrow
feely
2:59 Loom
12:59 Feudal Age
13:29 Double-Bit Axe
13:45 Town Watch
19:25 Castle Age
17:55 Forging
18:51 Gold Mining
20:21 Medium Warships
23:06 Wheelbarrow
24:28 Horse Collar
25:02 Demolition Ship
32:09 Hand Cart
37:12 Imperial Age
34:42 Fishing Lines
35:47 Scale Barding Armor
36:44 Gold Shaft Mining
phlui1122
3:13 Loom
4:31 Loom
14:56 Feudal Age
19:22 Castle Age
17:44 Fletching
18:39 Fishing Lines
20:04 Double-Bit Axe
20:55 Bodkin Arrow
33:56 Bloodlines
35:21 Husbandry
happy伯
12:58 Feudal Age
15:37 Loom
18:38 Castle Age
17:18 Fishing Lines
17:47 Double-Bit Axe
17:58 Fletching
19:49 Bow Saw
26:22 Wheelbarrow
26:50 Bodkin Arrow
31:05 Hand Cart
30:53 Horse Collar
31:54 Bloodlines
31:44 Husbandry
34:05 Ballistics
38:31 Imperial Age
kenny yip
3:18 Loom
14:09 Feudal Age
17:42 Castle Age
16:14 Horse Collar
16:45 Double-Bit Axe
17:44 Gold Mining
18:40 Bow Saw
18:54 Heavy Plow
24:37 Padded Archer Armor
27:43 Town Watch
28:18 Leather Archer Armor
29:30 Bloodlines
29:46 Husbandry
32:49 Wheelbarrow
36:40 Imperial Age
34:18 Stone Mining
34:50 Scale Barding Armor
35:22 Forging
36:03 Chain Barding Armor
Yan
6:50 Loom
11:33 Feudal Age
12:15 Double-Bit Axe
17:20 Fishing Lines
19:09 Loom
21:38 Castle Age
20:07 Gold Mining
21:49 Forging
22:59 Medium Warships
26:31 Bow Saw
27:34 Gillnets
30:42 Fletching
32:10 Bodkin Arrow
33:58 Ballistics
33:33 Horse Collar
34:54 Stone Mining
Connection lost

Rejoining the realm…

Still unreachable

The connection could not be restored.

Session expired

The server has moved on; the page needs a fresh start.